AoeStats
← grantclements16

African Clearing

504142355Analyzed
2v2 RM · 28d ago on Sep 4, 2026· 50m 40s· 4 players
Game mode
Random Map
Map size
Medium (4 player)
Population
200
Speed
Normal
Resources
Standard
Victory
Conquest
Starting age
Dark Age
Ending age
Imperial Age
RankedLock teamsTeams togetherTeam positionsShared explorationLock speedFull tech treeHidden civsTurbo modeCheats
Victory
Defeat
🇺🇸 Saracens · United States
1203
+17
🇺🇸 Vietnamese · United States
1200
+17
🇹🇷 Cumans · Türkiye
1230
-17
🇦🇷 Berbers · Argentina
1224
-32
Nike Nerd
7:58 Loom
14:06 Feudal Age
16:04 Fletching
21:08 Castle Age
23:20 Double-Bit Axe
23:18 Horse Collar
24:14 Heavy Plow
26:32 Bow Saw
30:49 Wheelbarrow
30:28 Gold Mining
30:32 Town Watch
32:37 Hand Cart
32:44 Town Patrol
36:50 Scale Mail Armor
37:01 Forging
41:16 Imperial Age
39:39 Stone Mining
41:27 Chain Mail Armor
41:38 Chatras
41:31 Elite Fire Lancer
43:00 Arson
43:27 Squires
48:14 Plate Mail Armor
48:20 Iron Casting
48:22 Paper Money
grantclements16
6:21 Loom
16:14 Feudal Age
17:04 Double-Bit Axe
19:53 Castle Age
21:35 Bow Saw
21:08 Horse Collar
23:42 Forging
24:39 Scale Barding Armor
28:21 Bloodlines
33:28 Iron Casting
38:45 Wheelbarrow
38:40 Heavy Plow
39:50 Iron Casting
39:36 Chain Barding Armor
40:40 Hand Cart
42:26 Husbandry
45:47 Imperial Age
45:48 Elite Mameluke
47:31 Blast Furnace
46:25 Town Watch
50:10 Plate Barding Armor
50:48 Conscription
ConcernedApe
5:29 Loom
8:42 Loom
9:47 Loom
12:51 Feudal Age
13:20 Horse Collar
13:26 Double-Bit Axe
20:01 Castle Age
21:39 Town Watch
22:41 Heavy Plow
23:30 Fletching
23:40 Padded Archer Armor
24:12 Bodkin Arrow
26:27 Wheelbarrow
27:47 Bloodlines
31:09 Leather Archer Armor
31:42 Scale Barding Armor
31:56 Steppe Husbandry
33:54 Chain Barding Armor
34:22 Hand Cart
35:00 Ballistics
36:29 Forging
39:35 Imperial Age
37:06 Town Patrol
38:56 Iron Casting
38:46 Light Cavalry
40:13 Hussar
41:35 Conscription
42:19 Parthian Tactics
42:48 Ring Archer Armor
44:49 Crop Rotation
44:32 Bow Saw
46:34 Two-Man Saw
46:41 Plate Barding Armor
47:07 Blast Furnace
47:44 Cuman Mercenaries
49:28 Elite Kipchak
50:25 Thumb Ring
49:54 Elite Genitour
a.perezmarchetta
5:23 Loom
12:26 Feudal Age
18:19 Bloodlines
24:10 Wheelbarrow
27:04 Castle Age
26:07 Scale Barding Armor
26:06 Double-Bit Axe
27:33 Light Cavalry
30:19 Bow Saw
29:50 Horse Collar
36:20 Padded Archer Armor
37:30 Fletching
39:45 Heavy Plow
39:38 Stone Mining
41:49 Atonement
44:53 Imperial Age
45:28 Chain Barding Armor
45:10 Husbandry
46:08 Conscription
45:16 Cavalier
46:08 Forging
47:27 Plate Barding Armor
48:41 Iron Casting
49:37 Heavy Scorpion
Connection lost

Rejoining the realm…

Still unreachable

The connection could not be restored.

Session expired

The server has moved on; the page needs a fresh start.